 Dungeon Crawl Stone Soup version 0.31-a0-1172-g9944ec47dd (webtiles) character file.

Game seed: 8521782594731773372

4179 qw the Skirmisher (level 10, -11/64 HPs)
             Began as a Gargoyle Hunter on Dec 10, 2023.
             Was an Elder of Okawaru.
             Mangled by a two-headed ogre
             ... wielding a +0 giant spiked club
              (20 damage)
             ... on level 9 of the Dungeon.
             The game lasted 00:02:38 (6669 turns).

qw the Skirmisher (Gargoyle Hunter)                 Turns: 6669, Time: 00:02:38

Health: -11/64     AC: 13    Str: 15    XL:     10   Next: 28%
Magic:  14/14      EV: 13    Int: 10    God:    Okawaru [****..]
Gold:   376        SH:  0    Dex: 17    Spells: 9/9 levels left

rFire   . . .        b - +0 hand cannon (heavy)
rCold   + . .        (no shield)
rNeg    + . .        r - +2 leather armour {rC+}
rPois   inf          (no helmet)
rElec   +            (no cloak)
rCorr   .            (no gloves)
SInv    .            i - +0 pair of boots
Will    .....        m - amulet of the acrobat
Stlth   ++           (no ring)
HPRegen 0.30/turn    (no ring)
MPRegen 0.14/turn

%: acrobat
@: no status effects
A: sickness immunity, AC +7, negative energy resistance 1, electricity
resistance, torment resistance 1, petrification resistance
a: Renounce Religion, Heroism, Finesse


You were on level 9 of the Dungeon.
You worshipped Okawaru.
Okawaru was greatly pleased with you.
You visited 1 branch of the dungeon, and saw 9 of its levels.

You collected 376 gold pieces.


Innate Abilities, Weirdness & Mutations

You are immune to sickness and miasma.
Your stone body is resilient. (AC +7)
You are immune to poison.
You resist negative energy. (rN+)
You are resistant to electric shocks. (rElec)
You are resistant to unholy torment.
You are immune to petrification.


   Skills:
 - Level 8.0 Fighting
 + Level 11.3 Ranged Weapons
 - Level 3.0 Armour
 - Level 3.6 Dodging
 - Level 1.1 Stealth
 + Level 5.5 Invocations


You had 9 spell levels left.
You didn't know any spells.
Your spell library was empty.

Inventory:

Hand Weapons
 b - a +0 heavy hand cannon (weapon)
Armour
 i - a +0 pair of boots (worn)
 j - a +0 leather armour of fire resistance
 r - a +2 leather armour of cold resistance (worn)
Jewellery
 m - an amulet of the acrobat (around neck)
Wands
 h - a wand of roots (12)
 p - a wand of mindburst (15)
Scrolls
 a - 4 scrolls of teleportation
 c - a scroll of identify
Potions
 d - 2 potions of cancellation
 g - a potion of mutation
 k - 2 potions of curing
 l - 2 potions of haste

Dungeon Overview and Level Annotations

Branches:
Dungeon (9/15)             Temple (0/1) D:6
   Lair: D:8-11         Orc: D:9-12

Altars:
Gozag
Kikubaaqudgha
Okawaru
Ru
Sif Muna
Trog
Uskayaw
Wu Jian
Xom
Zin

Shops:
D:1 !   D:7 (

Annotations:
D:3 2 runed translucent doors, qw's ghost, amateur GrHu
D:8 3 runed translucent doors, qw's ghost, novice GrHu


Message History

You start resting.
HP restored.
Found a quarterstaff.
You see here 3 stones.
A wyvern comes into view.
You shoot a bolt. The bolt hits the wyvern!!!
You kill the wyvern!
Okawaru accepts your kill.
You start resting.
A wight comes into view. It is wielding a +0 scimitar.
You shoot a bolt. The bolt hits the wight!!
You destroy the wight!
Okawaru accepts your kill.
You start resting.
Magic restored.
Found a sling.
You see here a +0 quarterstaff.
There is an open door here.
You see here a +0 sling.
You see here a wand of charming (5).
A two-headed ogre comes into view.
It is wielding a +0 giant spiked club and a +0 giant club.
Enter note:
Enter note:
Enter note: You shoot a bolt.
The bolt hits the two-headed ogre!!
The two-headed ogre is severely wounded.
Found 15 gold pieces and a potion of heal wounds.
You shoot a bolt.
The bolt barely misses the two-headed ogre.
You shoot a bolt. The bolt hits the two-headed ogre!!
The two-headed ogre is almost dead.
The two-headed ogre hits you with a +0 giant spiked club!!
The two-headed ogre misses you.
You shoot a bolt.
The bolt barely misses the two-headed ogre.
The two-headed ogre hits you with a +0 giant spiked club!
The two-headed ogre hits you with a +0 giant club.
The two-headed ogre hits you with a +0 giant spiked club!!
The two-headed ogre hits you with a +0 giant club!!
You die...

#..+ #.# #.# #..#
#.# #.# '..######.#
#.# #....)....# #.#
#####/....# #.### .
#.....##########....
..
#...................
..
#...........0.......
..
#...........@......$
...
#......######O......
#......# .......
#......# ......!
........# .......
........# .......
....... .......
.###''#


You could see a two-headed ogre.

Vanquished Creatures
  A two-headed ogre (D:5)
  A troll (D:9)
  A wyvern (D:9)
  2 ice beasts (D:8)
  A black bear (D:5)
  3 sky beasts
  4 centaurs
  3 ogres
  A phantom (D:5)
  2 kobold brigands (D:8)
  2 scorpions
  A bullfrog (D:7)
  A gnoll sergeant (D:9)
  10 wights
  8 killer bees (D:8)
  An oklob sapling (D:6)
  A jelly (D:6)
  An electric eel (D:7)
  A howler monkey (D:7)
  3 quasits (D:7)
  2 orc priests
  A hound (D:5)
  Jessica (D:3)
  3 iguanas
  Natasha (twice) (D:3)
  4 gnolls (D:9)
  9 adders
  6 shadow imps (D:7)
  3 white imps
  3 ufetubi
  A worm (D:2)
  4 dart slugs
  15 orcs
  8 bats
  3 endoplasms
  3 giant cockroaches
  8 goblins
  11 hobgoblins
  11 jackals
  5 quokkas
  11 ball pythons
  3 frilled lizards
  14 kobolds
  5 rats
184 creatures vanquished.

Notes
Turn   | Place    | Note
-------+----------+-------------------------------------------
     0 | D:1      | qw the Gargoyle Hunter began the quest for the Orb.
     0 | D:1      | Reached XP level 1. HP: 12/12 MP: 1/1
     0 | D:1      | 0 ||| qw: Version: 0.3-a-106-gc739b70
     0 | D:1      | 0 ||| qw: Game counter: 1943
     0 | D:1      | 0 ||| qw: Melee chars always use a shield: true
     0 | D:1      | 0 ||| qw: God list: Okawaru
     0 | D:1      | 0 ||| qw: Allow faded altars: false
     0 | D:1      | 0 ||| qw: Do Orc after clearing Dungeon:15 true
     0 | D:1      | 0 ||| qw: Do second Lair branch before Depths: true
     0 | D:1      | 0 ||| qw: Lair rune preference: random
     0 | D:1      | 0 ||| qw: Goals: Normal, Save, Zot:1-4, Win
     0 | D:1      | 0 ||| PLANNING D:1-11
    61 | D:1      | Found Olex's Distillery.
    67 | D:1      | Reached XP level 2. HP: 17/17 MP: 2/2
    75 | D:1      | 75 ||| SHOPLISTING potion of heal wounds (65 gold, have 6).
    75 | D:1      | 75 ||| SHOPLISTING potion of might (52 gold, have 6).
    75 | D:1      | 75 ||| SHOPLISTING potion of mutation (104 gold, have 6).
   367 | D:1      | 367 ||| UPGRADING to +0 ring mail.
   377 | D:1      | 377 ||| DROPPING +0 leather armour.
   403 | D:1      | 403 ||| READING scroll labelled OLENIROOSK.
   403 | D:1      | 403 ||| IDENTIFYING amethyst potion
   412 | D:1      | Found a faded altar of an unknown god.
   458 | D:1      | Reached skill level 1 in Armour
   458 | D:1      | Reached XP level 3. HP: 21/21 MP: 3/3
   540 | D:1      | Reached skill level 5 in Ranged Weapons
   695 | D:1      | 695 ||| READING scroll of identify.
   695 | D:1      | 695 ||| IDENTIFYING fuming purple potion
   696 | D:1      | 696 ||| READING scroll labelled GOGOZO OPRILENAU.
   697 | D:1      | 697 ||| READING scroll labelled XIHAOCK EGHO.
   698 | D:1      | 698 ||| READING scroll labelled HIDEOHAZAE.
   726 | D:1      | 726 ||| DRINKING 2 murky inky potions.
   727 | D:1      | 727 ||| DRINKING 3 fizzy puce potions.
   775 | D:1      | 775 ||| DROPPING scroll of butterflies.
   776 | D:1      | 776 ||| DROPPING 2 potions of lignification.
   828 | D:2      | Reached skill level 3 in Fighting
   828 | D:2      | Reached XP level 4. HP: 28/28 MP: 4/4
  1210 | D:2      | Found a hide-covered altar of Uskayaw.
  1423 | D:2      | 1423 ||| READING 2 scrolls of identify.
  1423 | D:2      | 1423 ||| IDENTIFYING viscous clear potion
  1424 | D:2      | 1424 ||| READING scroll of identify.
  1424 | D:2      | 1424 ||| IDENTIFYING scroll labelled BUURIBRITIB
  1424 | D:2      | Identified a scroll of acquirement
  1425 | D:2      | 1425 ||| READING scroll of acquirement.
  1425 | D:2      | 1425 ||| 1425 ||| Offered +0 heavy hand cannon
  1425 | D:2      | 1425 ||| 1425 ||| Offered manual of Stealth
  1425 | D:2      | 1425 ||| 1425 ||| Offered +2 pair of slick slippers {slick,
                  | slippery, EV+4}
  1425 | D:2      | 1425 ||| 1425 ||| Offered 914 gold pieces
  1425 | D:2      | 1425 ||| ACQUIRING +0 heavy hand cannon
  1425 | D:2      | Acquired a +0 heavy hand cannon
  1427 | D:2      | 1427 ||| SWAPPING to +0 heavy hand cannon.
  1428 | D:2      | 1428 ||| DROPPING +0 shortbow.
  1429 | D:2      | 1429 ||| DROPPING potion of invisibility.
  1459 | D:3      | Found a runed translucent door.
  1460 | D:3      | 1460 ||| STAIRDANCE
  1479 | D:3      | Noticed qw's ghost (amateur GrHu)
  1480 | D:3      | 1480 ||| STAIRDANCE
  1483 | D:2      | HP: 7/28 [orc/+0 falchion (6)]
  1484 | D:2      | 1484 ||| DRINKING 2 potions of heal wounds.
  1492 | D:3      | 1492 ||| STAIRDANCE
  1512 | D:3      | Reached XP level 5. HP: 32/32 MP: 5/5
  1554 | D:3      | Noticed Jessica
  1560 | D:3      | Reached skill level 6 in Ranged Weapons
  1563 | D:3      | Killed Jessica
  1636 | D:3      | Noticed Natasha
  1640 | D:3      | Killed Natasha
  1777 | D:3      | Found a shimmering altar of Xom.
  1781 | D:3      | Found a bloodstained altar of Trog.
  1850 | D:3      | Found a glowing silver altar of Zin.
  1884 | D:3      | Noticed Natasha
  1889 | D:3      | Killed Natasha
  1926 | D:3      | Found a runed translucent door.
  1960 | D:3      | Reached XP level 6. HP: 38/38 MP: 6/6
  2026 | D:3      | Found an ornate altar of the Wu Jian Council.
  2152 | D:3      | 2152 ||| READING scroll of identify.
  2152 | D:3      | 2152 ||| IDENTIFYING clear potion
  2153 | D:3      | 2153 ||| READING scroll labelled PAOVAA IPSY.
  2254 | D:3      | 2254 ||| READING scroll labelled DYM BEDOMYLOENI.
  2255 | D:3      | 2255 ||| DROPPING potion of magic.
  2266 | D:4      | 2266 ||| STAIRDANCE
  2272 | D:4      | 2272 ||| STAIRDANCE
  2293 | D:4      | 2293 ||| STAIRDANCE
  2297 | D:4      | 2297 ||| STAIRDANCE
  2301 | D:4      | 2301 ||| STAIRDANCE
  2305 | D:4      | 2305 ||| STAIRDANCE
  2309 | D:4      | 2309 ||| STAIRDANCE
  2313 | D:4      | 2313 ||| STAIRDANCE
  2317 | D:4      | 2317 ||| STAIRDANCE
  2321 | D:4      | 2321 ||| STAIRDANCE
  2325 | D:4      | 2325 ||| STAIRDANCE
  2329 | D:4      | 2329 ||| STAIRDANCE
  2333 | D:4      | 2333 ||| STAIRDANCE
  2337 | D:4      | 2337 ||| STAIRDANCE
  2341 | D:4      | 2341 ||| STAIRDANCE
  2345 | D:4      | 2345 ||| STAIRDANCE
  2349 | D:4      | 2349 ||| STAIRDANCE
  2353 | D:4      | 2353 ||| STAIRDANCE
  2385 | D:4      | 2385 ||| STAIRDANCE
  2389 | D:4      | 2389 ||| STAIRDANCE
  2443 | D:4      | Reached skill level 7 in Ranged Weapons
  2466 | D:4      | Reached XP level 7. HP: 43/43 MP: 7/7
  2600 | D:4      | Reached skill level 8 in Ranged Weapons
  2728 | D:4      | Found an ancient bone altar of Kikubaaqudgha.
  2841 | D:4      | Found an iron altar of Okawaru.
  2842 | D:4      | 2842 ||| PLANNING OKAWARU WORSHIP
  2842 | D:4      | 2842 ||| UPGRADING to +0 pair of boots.
  2847 | D:4      | 2847 ||| UPGRADING to amulet of guardian spirit.
  2852 | D:4      | 2852 ||| READING 2 scrolls of identify.
  2852 | D:4      | 2852 ||| IDENTIFYING murky clear potion
  2855 | D:4      | Became a worshipper of Warmaster Okawaru
  2856 | D:4      | 2856 ||| PLANNING D:1-11
  2856 | D:4      | 2856 ||| REMOVING amulet of guardian spirit.
  2861 | D:4      | 2861 ||| DROPPING amulet of guardian spirit.
  2874 | D:5      | Entered Level 5 of the Dungeon
  3121 | D:5      | Reached * piety under Okawaru
  3122 | D:5      | Reached skill level 3 in Armour
  3122 | D:5      | Reached XP level 8. HP: 23/50 MP: 8/8
  3292 | D:5      | Noticed a two-headed ogre
  3296 | D:5      | Killed a two-headed ogre
  3296 | D:5      | Reached ** piety under Okawaru
  3297 | D:5      | Reached skill level 3 in Dodging
  3653 | D:5      | Found a shimmering blue altar of Sif Muna.
  3676 | D:5      | Reached XP level 9. HP: 54/54 MP: 12/12
  3721 | D:5      | 3721 ||| UPGRADING to +0 leather armour of fire resistance.
  3731 | D:5      | 3731 ||| UPGRADING to amulet of the acrobat.
  3736 | D:5      | 3736 ||| DROPPING ring of wizardry.
  3737 | D:5      | 3737 ||| READING 4 scrolls of identify.
  3737 | D:5      | 3737 ||| IDENTIFYING glowing red potion
  3800 | D:6      | Reached skill level 9 in Ranged Weapons
  3812 | D:6      | Found a sacrificial altar of Ru.
  3846 | D:6      | Reached skill level 6 in Fighting
  3975 | D:6      | Found a staircase to the Ecumenical Temple.
  4319 | D:6      | 4319 ||| READING 5 scrolls of identify.
  4319 | D:6      | 4319 ||| IDENTIFYING scroll labelled EZANUN YSI
  4320 | D:6      | 4320 ||| DROPPING scroll of summoning.
  4394 | D:7      | Reached *** piety under Okawaru
  4660 | D:7      | Reached skill level 10 in Ranged Weapons
  5222 | D:7      | Found an opulent altar of Gozag.
  5362 | D:7      | Found Ijait's Antique Weapon Emporium.
  5518 | D:7      | 5518 ||| DROPPING +0 ring mail.
  5519 | D:7      | 5519 ||| UPGRADING to +2 leather armour of cold resistance.
  5529 | D:7      | 5529 ||| READING 4 scrolls of identify.
  5529 | D:7      | 5529 ||| IDENTIFYING pink potion
  5530 | D:7      | 5530 ||| READING 3 scrolls of identify.
  5530 | D:7      | 5530 ||| IDENTIFYING inky potion
  5531 | D:7      | 5531 ||| READING 2 scrolls of identify.
  5531 | D:7      | 5531 ||| IDENTIFYING scroll labelled RABUUSTR TEINEK
  5532 | D:7      | 5532 ||| READING scroll of identify.
  5532 | D:7      | 5532 ||| IDENTIFYING scroll labelled HAHUCA WY JUUS
  5533 | D:7      | 5533 ||| DROPPING potion of degeneration.
  5534 | D:7      | 5534 ||| DROPPING potion of attraction.
  5535 | D:7      | 5535 ||| DROPPING scroll of poison.
  5536 | D:7      | 5536 ||| DROPPING scroll of noise.
  5577 | D:8      | 5577 ||| Stepping ~*~*~tactically~*~*~ (retreating).
  5578 | D:8      | 5578 ||| Stepping ~*~*~tactically~*~*~ (retreating).
  5579 | D:8      | 5579 ||| STAIRDANCE
  5584 | D:8      | 5584 ||| STAIRDANCE
  5609 | D:8      | 5609 ||| STAIRDANCE
  5719 | D:8      | 5719 ||| STAIRDANCE
  5736 | D:8      | 5736 ||| STAIRDANCE
  5962 | D:8      | 5962 ||| RETREEAATING.
  5964 | D:8      | 5964 ||| RETREEAATING.
  5967 | D:8      | 5967 ||| Stepping ~*~*~tactically~*~*~ (retreating).
  5969 | D:8      | 5969 ||| Stepping ~*~*~tactically~*~*~ (retreating).
  5982 | D:8      | Reached skill level 11 in Ranged Weapons
  6119 | D:8      | Reached XP level 10. HP: 63/63 MP: 13/13
  6125 | D:8      | Reached **** piety under Okawaru
  6242 | D:8      | 6242 ||| Stepping ~*~*~tactically~*~*~ (retreating).
  6428 | D:8      | Found a runed translucent gate.
  6429 | D:8      | Found a runed translucent gate.
  6430 | D:8      | Noticed qw's ghost (novice GrHu)
  6430 | D:8      | Found a runed translucent gate.
  6554 | D:9      | HP: 14/64 [gnoll/+0 halberd[a gnoll sergeant] (5)]
  6555 | D:9      | 6555 ||| READING 5 scrolls of teleportation.
  6556 | D:9      | 6556 ||| DRINKING potion of heal wounds.
  6664 | D:9      | Noticed a two-headed ogre
  6669 | D:9      | HP: 9/64 [two-headed ogre/+0 giant spiked club (27)]
  6669 | D:9      | Mangled by a two-headed ogre

Levels and vault maps discovered:
D:1:      dpeg_arrival_windows_large_door, layout_loops_cross, serial_shops,
          shop, shapermc_ecumenical_altar_notcrosses
D:2:      layout_loops_ring, basic_altar, minmay_pentomino_q4
D:3:      layout_basic, zin_statuary, nicolae_overflow_hidden_temple,
          ebering_ghost_sewer_f, nicolae_houndstooth_variations, uniq_natasha,
          uniq_jessica
D:4:      layout_rooms, kennysheep_mini_moat, mainiacjoe_overflow_brackets
D:5:      layout_basic, led_sif_pool
D:6:      layout_basic, hangedman_ru_absence, minmay_temple_entry_oklob
D:7:      layout_basic, grunt_gozag_statues, serial_shops,
          nicolae_lakefront_shop, serial_demonic, serial_demonic_d,
          serial_demonic_d, serial_demonic_f, serial_demonic_b
D:8:      layout_loops_ring, biasface_ghost_orc_armoury
D:9:      layout_irregular_city

Skill      XL: |  1  2  3  4  5  6  7  8  9 10 |
---------------+-------------------------------+-----
Armour         | 1 3 |  3.0
Ranged Weapons | 5 6 7 8 11 | 11.3
Fighting       | 3 4 5 7 8 |  8.0
Dodging        | 3 |  3.6
Invocations    | 4 5 |  5.5
Stealth        | |  1.1

Action                     |  1- 3 |  4- 6 |  7- 9 | 10-12 || total
---------------------------+-------+-------+-------+-------++-------
   Fire: Shortbow          |   130 |    78 |       |       ||   208
         Hand cannon       |       |    59 |   178 |    40 ||   277
    Use: Scroll            |     5 |     6 |     7 |     1 ||    19
         Potion            |     2 |     1 |       |     1 ||     4
 Armour: Leather armour    |     9 |       |   137 |    45 ||   191
         Ring mail         |    25 |   156 |    29 |       ||   210
  Dodge: Dodged            |    46 |   121 |   172 |    47 ||   386

Table legend:
 A = Non-vault XP
 B = Vault XP
 C = Vault XP percentage of total XP
 D = Non-vault monster count
 E = Vault monster count
 F = Vault count percentage of total count
                 A         B        C        D         E       F
            +---------+---------+-------+---------+---------+-------
      Total |    5615 |     355 |   5.9 |     167 |      17 |   9.2
            +---------+---------+-------+---------+---------+-------
        D:1 |      63 |       0 |   0.0 |      35 |       0 |   0.0
        D:2 |      88 |       8 |   8.3 |      27 |       4 |  12.9
        D:3 |     219 |      73 |  25.0 |      15 |       2 |  11.8
        D:4 |     406 |       0 |   0.0 |      19 |       0 |   0.0
        D:5 |    1597 |       0 |   0.0 |      11 |       0 |   0.0
        D:6 |     327 |      62 |  15.9 |       7 |       1 |  12.5
        D:7 |     639 |     212 |  24.9 |      20 |      10 |  33.3
        D:8 |    1552 |       0 |   0.0 |      25 |       0 |   0.0
        D:9 |     724 |       0 |   0.0 |       8 |       0 |   0.0
            +---------+---------+-------+---------+---------+-------
